 Dungeon Crawl Stone Soup version 0.17.1-2-g5865329 (webtiles) character file.

36 seren the Digger (level 3, -1/19 HPs)
             Began as a Gargoyle Earth Elementalist on Feb 14, 2016.
             Killed from afar by Natasha (8 damage)
             ... with a wand of flame
             ... on level 2 of the Dungeon.
             The game lasted 00:05:15 (1192 turns).

seren the Digger (Gargoyle Earth Elementalist)      Turns: 1192, Time: 00:05:15

Health: -1/19      AC:  5    Str: 11    XL:     3   Next: 37%
Magic:  7/7        EV: 12    Int: 16    God:
Gold:   46         SH:  0    Dex: 10    Spells: 2 memorised, 4 levels left

rFire  . . .     SeeInvis .     e - +0 dagger
rCold  . . .     Clarity  .     a - +0 robe
rNeg   + . .     SustAt   .     (no shield)
rPois  ∞         Gourm    .     (no helmet)
rElec  +         Spirit   .     (no cloak)
rCorr  .         Warding  .     (no gloves)
rMut   .         Stasis   .     (no boots)
MR     .....                    (no amulet)
Stlth  ++........               (no ring)
                                (no ring)

@: not resistant to hostile enchantments, unstealthy
A: negative energy resistance 1, electricity resistance, unbreathing,
petrification resistance, rot immunity, AC +3
a: no special abilities


You were on level 2 of the Dungeon.
You were not hungry.

You visited 1 branch of the dungeon, and saw 2 of its levels.

You collected 46 gold pieces.

Inventory:

Hand Weapons
 e - a +0 dagger (weapon)
Missiles
 b - 63 stones (quivered)
Armour
 a - a +0 robe (worn)
Jewellery
 i - an uncursed ring of sustain attributes {unknown}
Scrolls
 g - a scroll of teleportation {unknown}
 h - a scroll of immolation {unknown}
 k - a scroll of remove curse {unknown}
 m - a scroll of identify {unknown}
Potions
 j - a potion of resistance {unknown}
Books
 c - a book of Geomancy

   Spells                             Type                      Level
   a - Sandblast                      Earth                        1
   b - Stoneskin                      Transmutation/Earth          2
   c - Passwall                       Transmutation/Earth          3
   d - Stone Arrow                    Conjuration/Earth            3
   e - Petrify                        Transmutation/Earth          4
   f - Lee's Rapid Deconstruction     Earth                        5
Comestibles
 d - a bread ration
 f - a meat ration
 l - a beef jerky


   Skills:
 - Level 1.5 Dodging
 - Level 2.1 Stealth
 * Level 2.8 Spellcasting
 - Level 0.7 Transmutations
 + Level 4.4 Earth Magic


You had 4 spell levels left.
You knew the following spells:

 Your Spells              Type           Power        Failure   Level  Hunger
a - Sandblast             Erth           ###...       3%          1    #......
b - Stoneskin             Trmt/Erth      ##......     12%         2    ##.....


Dungeon Overview and Level Annotations

Branches:
Dungeon (2/15)

Altars:

Annotations:
D:2 Jessica, Natasha


Innate Abilities, Weirdness & Mutations

You are resistant to torment.
Your stone body is resilient (AC +3).
You are immune to poison.
You resist negative energy.
You are resistant to electric shocks.
You can survive without breathing.
You are immune to petrification.
You are immune to rotting.


Message History

b - 35 stones (gained 1)
h - a scroll labeled KUTOM FOFERROT AKH;
b - 63 stones (gained 28)
Things that are here:
a hunting sling; a goblin skeleton A goblin comes into view.
It is wielding a dagger.
The goblin shouts!
Natasha, Servant of Life and Death comes into view.
Natasha hisses angrily.
You hit the goblin.
The goblin is almost dead.
Natasha howls an incantation.
Natasha's fingertips start to glow.
Natasha mumbles some strange words.
The goblin closely misses you.
You hit the goblin.
You kill the goblin!
Natasha zaps a wand.
The puff of flame hits you!
It is a wand of flame.
Natasha zaps a wand.
The puff of flame hits you!
Natasha zaps a wand.
The puff of flame hits you!
You die...

. .# #. #.#
##..#######.h.
#.#.#.#.#.#.#
............#
#.#.#.#.#.#.#
.........)..#
#.#.#.#.#>#.#
.......@....#
#.#.#.#.#.###
...........#
#.#.#.#.#.##
...........#
#.#.#.#)#.##
##.##.#.###
#.##.#.# #...
#.#


You could see Natasha.

Vanquished Creatures
  An adder (D:1)
  A giant gecko (D:1)
  7 hobgoblins
  3 bats (D:1)
  4 goblins
  5 kobolds (D:1)
  4 rats
25 creatures vanquished.

Notes
Turn   | Place    | Note
--------------------------------------------------------------
     0 | D:1      | seren the Gargoyle Earth Elementalist began the quest for the Orb.
     0 | D:1      | Reached XP level 1. HP: 10/10 MP: 3/3
     7 | D:1      | Noticed a lindwurm
     7 | D:1      | Noticed a swamp drake
     7 | D:1      | Noticed a black bear
     7 | D:1      | Noticed a redback
     7 | D:1      | Noticed a wolf
   285 | D:1      | Reached skill level 4 in Earth Magic
   285 | D:1      | Reached XP level 2. HP: 12/15 MP: 1/5
   523 | D:1      | Learned a level 2 spell: Stoneskin
   800 | D:2      | Noticed Jessica
   999 | D:1      | Reached XP level 3. HP: 10/19 MP: 0/7
  1189 | D:2      | Noticed Natasha
  1192 | D:2      | Killed from afar by Natasha

Action                   || total
-------------------------++-------
Melee: Dagger            ||    22
 Cast: Sandblast         ||    37
 Stab: Sleeping          ||     1
  Eat: Chunk             ||     1
